Unix NetHack Version 5.0.0-0 post-release - last build May  3 2026 23:40:34 (9823c992c0763bbd039eca2974112f46eaf799b3,branch:main).

Game began 2026-05-04 06:57:04, ended 2026-05-04 09:34:53.

246786432, lawful female human Valkyrie

                        ---------------
                        |......{......+
                        |...(.........|
                        ..............|
                        -.-.--|-----|--
                        ###   # #####
                         #    ###
                         #      #     #
                         #     ########
                        ########     ##
                       -.-------    ##     --
                    #  |...@^...### #      .--
                 *  ###........|  # #    .....
 ---------|---  ` #####|.......|  # #  ......|
 |....<......| ####  # |.{.....|  ###......>.|
 |...........| #       ........|      -  ...--
 |............##       ---------           --
 -------------

246786432 the Skirmisher    St:18 Dx:13 Co:18 In:10 Wi:8 Ch:8  Lawful
Dlvl:5  $:24 HP:0(38) Pw:7(7) AC:6  Xp:4 T:2790  Blind Deaf

Latest messages:
 You could drink the water...
 The door opens.
 KABOOM!!  The door was booby-trapped!
 You stagger...
 You feel a bit steadier now.
 You see here a bag.
 C - a bag.
 You see here a chest.
 You have a little trouble lifting a chest.  Continue? [ynq] (q) q
 You could drink the water...
 You see here a plumed helmet.
 D - a plumed helmet.
 The door opens.
 You hear crashing rock.
 You are momentarily blinded by a flash of light!
 You hear a deafening roar!
 It hits!
 Your purse feels lighter.
 It hits!
 You attack thin air.
 It hits!
 It hits again!
 It hits!
 It hits!
 It hits again!
 It hits!
 It hits!
 It hits again!
 It hits!
 You hit it.
 It hits!
 It hits again!
 It misses!
 You hit it.
 It hits!
 It misses!
 It bites!
 You miss it.
 It hits!
 It hits again!
 You hit it.
 It hits!
 It hits again!
 It hits!
 You die...
 Do you want your possessions identified? [ynq] (y) y
 Do you want to see your attributes? [ynq] (y) y
 Do you want an account of creatures vanquished? [ynaq] (y) y
 Do you want to see your conduct and achievements? [ynq] (y) y
 Do you want to see the dungeon overview? [ynq] (y) y

Inventory:
 Coins    ('$')
  $ - 24 gold pieces
 Weapons  (')')
  i - 9 +0 shuriken
  b - a +0 dagger (alternate weapon; not wielded)
  e - a +0 orcish dagger (weapon in right hand)
  a - a +1 spear
 Armor    ('[')
  D - an uncursed +0 helm of caution
  v - a blessed +2 orcish helm
  q - a blessed +1 orcish helm
  p - a cursed -3 pair of gauntlets of dexterity
  c - an uncursed +3 small shield (being worn)
 Comestibles  ('%')
  d - an uncursed food ration
  t - 2 cursed food rations
  l - an uncursed tin of spinach
 Scrolls  ('?')
  g - an uncursed scroll of confuse monster
  h - 2 cursed scrolls of enchant weapon
 Spellbooks  ('+')
  r - an uncursed spellbook of blank paper
 Potions  ('!')
  y - a blessed potion of booze
  B - an uncursed potion of monster detection
  o - an uncursed potion of paralysis
  A - an uncursed potion of see invisible
 Wands    ('/')
  f - a wand of lightning (0:8)
  j - a wand of undead turning (0:8)
 Tools    ('(')
  C - an empty uncursed bag of holding
  k - an uncursed bell
 Gems/Stones  ('*')
  n - an uncursed worthless piece of black glass
 Boulders/Statues  ('`')
  s - an empty uncursed statue of a gecko
  m - an empty uncursed statue of a newt

246786432 the Valkyrie's attributes:

Background:
 You were a Skirmisher, a level 4 human Valkyrie.
 You were lawful, on a mission for Tyr
 who was opposed by Odin (neutral) and Loki (chaotic).
 You were right-handed.
 You were in the Dungeons of Doom, on level 5.
 You entered the dungeon 2790 turns ago.
 There was a full moon in effect when your adventure ended.
 You had 116 experience points, 44 more were needed to attain level 5.

Basics:
 You had 0 out of 38 hit points.
 You had all 7 energy points (spell power).
 Your armor class was 6.
 Your wallet contained 24 zorkmids.
 Autopickup was off.

Final Characteristics:
 Your strength was 18 (limit:18/100).
 Your dexterity was 13 (limit:18).
 Your constitution was 18 (limit:18).
 Your intelligence was 10 (limit:18).
 Your wisdom was 8 (limit:18).
 Your charisma was 8 (limit:18).

Final Status:
 You were temporarily blind.
 You were deaf.
 You weren't hungry.
 You were unencumbered.
 You were wielding a dagger.
 You had basic skill with dagger.

Final Attributes:
 You were piously aligned.
 You were cold resistant.
 You were stealthy.
 You were lucky.
 You are dead.

Miscellaneous:
 You didn't encounter any bones levels.
 Total elapsed playing time was 1 hour and 12 minutes.

Major events:
 Turn
    1: 246786432 the lawful human Valkyrie entered the dungeon
 1015: attained the rank of Skirmisher (level 3)
 2587: entered the Gnomish Mines
 2790: killed by an elf zombie

You didn't know any spells.

Skills:
 Fighting Skills
   bare handed combat [Unskilled]
   two weapon combat  [Unskilled]
   riding             [Unskilled]
 Weapon Skills
   dagger             [Basic]
   axe                [Unskilled]
   pick-axe           [Unskilled]
   short sword        [Unskilled]
   broadsword         [Unskilled]
   long sword         [Unskilled]
   two-handed sword   [Unskilled]
   saber              [Unskilled]
   hammer             [Unskilled]
   quarterstaff       [Unskilled]
   polearms           [Unskilled]
   spear              [Basic]
   trident            [Unskilled]
   lance              [Unskilled]
   sling              [Unskilled]
 Spellcasting Skills
   attack spells      [Unskilled]
   escape spells      [Unskilled]

Voluntary challenges:
 Character rerolling was not enabled.
 You were illiterate.
 You never genocided any monsters.
 You never polymorphed an object.
 You never changed form.
 You used no wishes.
Achievements:
 You attained the rank of Skirmisher.
 You entered the Gnomish Mines.

 The Dungeons of Doom: levels 1 to 5
    Level 1:
       A sink, a grave.
    Level 2:
       Some fountains.
    Level 3:
       Some fountains.
    Level 4:
       Stairs down to The Gnomish Mines.
    Level 5: <- You were here.
       Some fountains.
       Final resting place for
          you, killed by an elf zombie.
 The Gnomish Mines:
    Level 5:


Vanquished creatures:
  a rock piercer
  2 rothes
 an orc zombie
  2 iguanas
 an acid blob
  a gas spore
  a cave spider
  a yellow mold
  a green mold
  a gnome zombie
  2 geckos
  8 jackals
  a fox
  2 kobolds
  3 goblins
  3 sewer rats
  2 lichens
  8 newts
41 creatures vanquished.

No species were genocided or became extinct.

Game over:
                       ----------
                      /          \
                     /    REST    \
                    /      IN      \
                   /     PEACE      \
                  /                  \
                  |    246786432     |
                  |      24 Au       |
                  | killed by an elf |
                  |      zombie      |
                  |                  |
                  |                  |
                  |       2026       |
                 *|     *  *  *      | *
        _________)/\\_//(\/(/\)/\//\/|_)_______

Farvel 246786432 the Valkyrie...

You died in The Dungeons of Doom on dungeon level 5 with 686 points,
and 24 pieces of gold, after 2790 moves.
You were level 4 with a maximum of 38 hit points when you died.

